AoeStats
← Eppo

Scandinavia

510365117Analyzed
1v1 RM · 1d ago on Sep 30, 2026· 36m 43s· 2 players
Game mode
Random Map
Map size
Tiny (2 player)
Population
200
Speed
Normal
Resources
Standard
Victory
Conquest
Starting age
Dark Age
Ending age
Imperial Age
RankedLock teamsTeams togetherTeam positionsShared explorationLock speedFull tech treeHidden civsTurbo modeCheats
Victory
Defeat
🇳🇱 Magyars · Netherlands
960
+16
🇦🇷 Mongols · Argentina
950
-16
teccojc
11:53 Feudal Age
10:11 Loom
17:55 Castle Age
19:10 Squires
20:44 Double-Bit Axe
22:05 Husbandry
22:33 Bloodlines
25:33 Bow Saw
27:40 Padded Archer Armor
30:28 Fletching
31:27 Leather Archer Armor
32:17 Light Cavalry
33:14 Horse Collar
39:03 Imperial Age
Eppo
8:03 Loom
11:00 Feudal Age
12:22 Double-Bit Axe
13:10 Bloodlines
17:37 Horse Collar
20:22 Castle Age
21:16 Light Cavalry
23:19 Wheelbarrow
27:44 Hand Cart
27:56 Scale Barding Armor
32:44 Imperial Age
31:04 Town Watch
31:15 Gold Mining
33:16 Bow Saw
35:36 Gold Shaft Mining
34:50 Cavalier
35:33 Husbandry
37:14 Conscription
Connection lost

Rejoining the realm…

Still unreachable

The connection could not be restored.

Session expired

The server has moved on; the page needs a fresh start.